 Dungeon Crawl Stone Soup version 0.28-a0-8-g6e044cfa68 (webtiles) character file.

Game seed: 5634161063691103632

57 lagrot the Ducker (level 4, -4/33 HPs)
             Began as a Djinni Fire Elementalist on July 23, 2021.
             Slain by an ogre (22 damage)
             ... on level 3 of the Dungeon.
             The game lasted 00:14:05 (2182 turns).

lagrot the Ducker (Djinni Fire Elementalist)        Turns: 2182, Time: 00:14:07

Health: -4/33      AC:  2    Str:  8    XL:     4   Next: 18%
Gold:   85         EV: 12    Int: 17    God:
                   SH:  0    Dex: 13

rFire   + + .      SeeInvis .   h - +4 dagger (speed)
rCold   x . .      Faith    .   (no shield)
rNeg    . . .      Spirit   .   c - +0 robe
rPois   ∞          Reflect  .   (no helmet)
rElec   .          Harm     .   (no cloak)
rCorr   .          Rampage  .   (no gloves)
Will    .....                   (boots unavailable)
Stlth   ++........              (no amulet)
HPRegen 0.11/turn               (no ring)
MPRegen 0.00/turn               (no ring)

@: flying
A: sickness immunity, fire resistance 2, cold vulnerability 1, float, innate
caster, hp casting, extra vitality 1
a: no special abilities


You were on level 3 of the Dungeon.
You visited 1 branch of the dungeon, and saw 3 of its levels.

You collected 85 gold pieces.

Inventory:

Hand Weapons
 e - a +0 dagger
 f - a +1 trident
 h - a +4 dagger of speed (weapon)
Missiles
 b - 6 atropa-tipped darts
 g - 37 arrows
 i - 11 stones
Armour
 a - a +0 robe
 c - a +0 robe (worn)
Scrolls
 j - a scroll of noise {unknown}
 k - a scroll of teleportation {unknown}
 l - 2 scrolls of identify
 m - a scroll of fog {unknown}
Potions
 n - a potion of cancellation {unknown}


   Skills:
 + Level 2.1 Fighting
 + Level 1.1(1.3) Short Blades
 + Level 1.1(1.3) Long Blades
 + Level 1.0(1.4) Axes
 + Level 1.0(1.4) Maces & Flails
 + Level 1.0(1.4) Polearms
 + Level 1.3(1.8) Staves
 + Level 1.0(1.2) Slings
 + Level 1.0 Bows
 + Level 1.0 Crossbows
 + Level 1.0(1.2) Throwing
 + Level 1.3 Armour
 + Level 2.9 Dodging
 + Level 2.2 Stealth
 + Level 1.2 Shields
 + Level 1.2 Unarmed Combat
 + Level 2.9 Spellcasting
 + Level 1.2 Invocations
 + Level 1.4 Evocations


You couldn't memorise any spells.
You knew the following spells:

 Your Spells              Type           Power      Damage    Failure   Level
a - Foxfire               Conj/Fire      48%        2x1d6     5%          1
b - Conjure Flame         Conj/Fire      12%        6-21      16%         3
c - Inner Flame           Hex/Fire       12%        N/A       16%         3
d - Sticky Flame          Conj/Fire      12%        2d4       45%         4
e - Fireball              Conj/Fire      6%         3d5       82%         5
f - Animate Skeleton      Necr           24%        N/A       5%          1
Your spell library was empty.

Dungeon Overview and Level Annotations

Branches:
Dungeon (3/15)

Altars:

Annotations:
D:1 1 exclusion
D:3 1 transporter, muata's ghost, amateur MiBe


Innate Abilities, Weirdness & Mutations

You are immune to sickness and miasma.
You are immune to poison.
Your flesh is very heat resistant. (rF++)
You are vulnerable to cold. (rC-)
You float through the air rather than walking.
You learn spells naturally, not from books.
Your magical power is your life essence.
You have superior vitality. (+4 HP)


Message History

Press: ? - help, Q - select action, (/) - cycle Dir - look around, f - activate You conjure some foxfire!
Casting: Foxfire (safe; 5% risk of failure)
Press: ? - help, Q - select action, (/) - cycle Dir - look around, f - activate You conjure some foxfire!
The foxfire hits the ogre but does no damage.
The foxfire hits the ogre.
The ogre is lightly wounded.
Casting: Foxfire (safe; 5% risk of failure)
Press: ? - help, Q - select action, (/) - cycle Dir - look around, f - activate You miscast Foxfire.
You are very lightly contaminated with residual magic.
Nothing appears to happen.
The foxfire hits the ogre.
The ogre is moderately wounded.
The foxfire hits the ogre.
The ogre is moderately wounded.
Casting: Foxfire (safe; 5% risk of failure)
Press: ? - help, Q - select action, (/) - cycle Dir - look around, f - activate You conjure some foxfire!
The ogre closely misses you.
The foxfire hits the ogre.
The ogre is lightly wounded.
The foxfire hits the ogre but does no damage.
The ogre is moderately wounded.
The ogre barely misses you. The ogre hits you with a +0 giant club!
Casting: Foxfire (safe; 5% risk of failure)
Press: ? - help, Q - select action, (/) - cycle Dir - look around, f - activate You conjure some foxfire!
The ogre closely misses you.
Your foxfire dissipates!
The foxfire hits the ogre.
The ogre is lightly wounded.
Your magical contamination has completely faded away.
Casting: Foxfire (safe; 5% risk of failure)
Press: ? - help, Q - select action, (/) - cycle Dir - look around, f - activate You conjure some foxfire!
The ogre hits you with a +0 giant club!!
Ouch! That really hurt!
You die...

....# ####.##.## ...########
#.##..# ..........# #.###.#
#.######### ### .# #.# .#
#.# ## #.# #.# #############
#.# #v@O.O©.....# #.#
#v§##...##..# #.#
#.#W.#.#..#.# ..#
#.#..#.#..#.# ..##
##########..##...##..#
...###.....##.#.....$$....##
....##.###..>.##############
.......# #.#.......©.©.....#
..####.###.#.#.###....###.##


You could see 2 ogres and muata's ghost.

Vanquished Creatures
  2 adders (D:2)
  A dart slug (D:2)
  3 bats
  3 endoplasms (D:1)
  2 giant cockroaches
  4 goblins
  A hobgoblin (D:1)
  3 kobolds
  4 ball pythons
  4 frilled lizards
  4 rats
31 creatures vanquished.

Vanquished Creatures (others)
  95 foxfires
95 creatures vanquished.

Grand Total: 126 creatures vanquished

Notes
Turn   | Place    | Note
-------+----------+-------------------------------------------
     0 | D:1      | lagrot the Djinni Fire Elementalist began the quest for the
                  | Orb.
     0 | D:1      | Reached XP level 1. HP: 15/15 MP: 0/0
    20 | D:1      | Reached skill level 1 in Short Blades
    20 | D:1      | Reached skill level 1 in Long Blades
    20 | D:1      | Reached skill level 1 in Axes
    20 | D:1      | Reached skill level 1 in Maces & Flails
    20 | D:1      | Reached skill level 1 in Polearms
    20 | D:1      | Reached skill level 1 in Staves
    20 | D:1      | Reached skill level 1 in Slings
    20 | D:1      | Reached skill level 1 in Bows
    20 | D:1      | Reached skill level 1 in Crossbows
    20 | D:1      | Reached skill level 1 in Throwing
    20 | D:1      | Reached skill level 1 in Armour
    20 | D:1      | Reached skill level 1 in Shields
    20 | D:1      | Reached skill level 1 in Unarmed Combat
    20 | D:1      | Reached skill level 1 in Invocations
    20 | D:1      | Reached skill level 1 in Evocations
    20 | D:1      | Reached XP level 2. HP: 23/23 MP: 0/0
   512 | D:1      | Reached XP level 3. HP: 23/28 MP: 0/0
   512 | D:1      | Learned a level 1 spell: Animate Skeleton
   762 | D:1      | You are sucked into a shaft and drop 1 floor!
  1292 | D:2      | Found a faded altar of an unknown god.
  1669 | D:2      | Reached XP level 4. HP: 29/33 MP: 0/0
  2145 | D:3      | Identified the +0 great mace "Vucoitysch" {protect, Str+3}
  2145 | D:3      | Noticed an ogre
  2145 | D:3      | Noticed muata's ghost (amateur MiBe)
  2155 | D:3      | Noticed an ogre
  2157 | D:3      | Found a transporter.
  2157 | D:3      | Found a transporter.
  2182 | D:3      | Slain by an ogre

Illustrated notes

Levels and vault maps discovered:
D:1:      saegor_arrival_simple_d, layout_basic, hangedman_abyss_or_decor_stabs
D:2:      layout_rooms, hellmonk_ecumenical_altar_arch_garden
D:3:      layout_loops_corners, nicolae_wu_jian_wuxing_cycle,
          gammafunk_ghost_smash, portal_sewer_entry_d, serial_shops,
          nicolae_shop_stone, uniq_terence

Skill      XL: |  1 |
---------------+----+-----
Fighting       | 2 |  2.1
Short Blades   | 1 |  1.1
Long Blades    | 1 |  1.1
Axes           | 1 |  1.0
Maces & Flails | 1 |  1.0
Polearms       | 1 |  1.0
Staves         | 1 |  1.3
Slings         | 1 |  1.0
Bows           | 1 |  1.0
Crossbows      | 1 |  1.0
Throwing       | 1 |  1.0
Armour         | 1 |  1.3
Stealth        | 2 |  2.2
Shields        | 1 |  1.2
Unarmed Combat | 1 |  1.2
Invocations    | 1 |  1.2
Evocations     | 1 |  1.4
Dodging        | |  2.9
Spellcasting   | |  2.9

Action                   |  1- 3 |  4- 6 || total
-------------------------+-------+-------++-------
Melee: Trident           |     2 |     1 ||     3
Throw: Dart              |     1 |       ||     1
 Cast: Foxfire           |    50 |    14 ||    64
       Animate Skeleton  |     4 |       ||     4
  Use: Potion            |     2 |     1 ||     3
       Scroll            |     3 |       ||     3
Armor: Robe              |     3 |       ||     3
Dodge: Dodged            |     7 |     5 ||    12

Table legend: (Time is in decaauts)
 A = Elapsed time spent in this place.
 B = Non-inter-level travel time spent in this place.
 C = Inter-level travel time spent in this place.
 D = Time resting spent in this place.
 E = Time spent auto-exploring this place.
 F = Levels seen in this place.
 G = Mean time per level.
                   A        B        C        D        E       F      G
               +--------+--------+--------+--------+--------+-----+--------+
         Total |   2162 |   2162 |      0 |      3 |   1573 |   3 |  720.7 |
       Dungeon |   2162 |   2162 |      0 |      3 |   1573 |   3 |  720.7 |
               +--------+--------+--------+--------+--------+-----+--------+

Top non-repeatable levels by time:
     D:1: 1196 daAuts
     D:2: 778 daAuts
     D:3: 187 daAuts
